NYP
CHICAGO (NYP) WHITE SOX @ ABERDEEN IRONBIRDS
08/23/2048
 
TOP OF THE 1ST
Chicago (NYP) White Sox batting - Pitching for Aberdeen Ironbirds : RHP Steve Webb
Pitching: RHP Steve Webb
Batting: SHB Tomas Caldera 0-0: Ball
1-0: Called Strike
1-1: SINGLE (Line Drive, 6MD, EV 99.4 MPH)
Batting: SHB Andres Agudo 0-0: Ball
1-0: Ball
Wild Pitch!
Tomas Caldera to second
2-0: Called Strike
2-1: Foul Ball, location: 2F
2-2: Strikes out looking
Batting: SHB Veit Geisler 0-0: Ground out 4-3 (Groundball, 34, EV 100.6 MPH)
Tomas Caldera to third
Batting: RHB Tony Garcia 0-0: Ball
1-0: Reached on error, E6 (Groundball, 6, EV 81.2 MPH)
Tomas Caldera scores
Batting: RHB Jake Feinstein 0-0: Called Strike
0-1: Foul Ball, location: 2F
0-2: Foul Ball, location: 2F
0-2: Ball
1-2: Ground out 1-3 (Groundball, 13S, EV 68.1 MPH)
Top of the 1st over - 1 run, 1 hit, 1 error, 1 left on base; Chicago (NYP) 1 - Aberdeen 0
BOTTOM OF THE 1ST
Aberdeen Ironbirds batting - Pitching for Chicago (NYP) White Sox : RHP Påske Olmqvist
Pitching: RHP Påske Olmqvist
Batting: RHB Alfredo Reguera 0-0: SINGLE (Line Drive, 6M, EV 106.9 MPH)
Batting: LHB Pat Fontana 0-0: Called Strike
0-1: Ball
1-1: Called Strike
1-2: Fly out, F3 (Popup, 3F, EV 75.6 MPH)
Batting: SHB Carlos Carrillo 0-0: Ball
Alfredo Reguera steals 2nd base (no throw)
1-0: Ball
2-0: Foul Ball, location: 2F
2-1: Called Strike
2-2: Ball
3-2: Base on Balls
Batting: RHB Jonathan Mendoza 0-0: Ball
1-0: Called Strike
1-1: Ball
2-1: Foul Ball, location: 2F
2-2: Ball
3-2: Strikes out swinging
Batting: LHB Sam Williams 0-0: Called Strike
0-1: Foul Ball, location: 2F
0-2: SINGLE (Groundball, 6MD, EV 100.0 MPH)
Alfredo Reguera to third
Carlos Carrillo to second
Runner from 3rd tries for Home, SAFE, throw by CF to home
Batting: SHB Chris Wright 0-0: Foul Ball, location: 2F
0-1: Fly out, F4 (Flyball, 4MD, EV 88.8 MPH)
Bottom of the 1st over - 1 run, 2 hits, 0 errors, 2 left on base; Chicago (NYP) 1 - Aberdeen 1
TOP OF THE 2ND
Chicago (NYP) White Sox batting - Pitching for Aberdeen Ironbirds : RHP Steve Webb
Batting: RHB Tyrell Camp 0-0: Called Strike
0-1: Ball
1-1: Ball
2-1: Foul Ball, location: 2F
2-2: Foul Ball, location: 2F
2-2: Foul Ball, location: 2F
2-2: Foul Ball, location: 2F
2-2: Foul Ball, location: 2F
2-2: Strikes out swinging
Batting: SHB Noah Long 0-0: Ball
1-0: Called Strike
1-1: Ball
2-1: Called Strike
2-2: Ball
3-2: Strikes out looking
Batting: SHB Malik Whitted 0-0: Ball
1-0: Called Strike
1-1: Ball
2-1: Called Strike
2-2: Fly out, F8 (Flyball, 78XD, EV 82.5 MPH)
Top of the 2nd over - 0 runs, 0 hits, 0 errors, 0 left on base; Chicago (NYP) 1 - Aberdeen 1
BOTTOM OF THE 2ND
Aberdeen Ironbirds batting - Pitching for Chicago (NYP) White Sox : RHP Påske Olmqvist
Batting: RHB Wil Ochoa 0-0: Ball
1-0: Ball
2-0: Ball
3-0: Called Strike
3-1: Called Strike
3-2: Base on Balls
Batting: RHB Fernando Bravo 0-0: Ball
1-0: Fly out, F8 (Flyball, 8LM, EV 86.9 MPH)
Batting: RHB Matt Berrier 0-0: Ball
Wil Ochoa steals 2nd base
1-0: Called Strike
1-1: Foul Ball, location: 2F
1-2: Foul Ball, location: 2F
1-2: Strikes out swinging
Batting: RHB Alfredo Reguera 0-0: Foul Ball, location: 2F
0-1: Swinging Strike
0-2: Ball
1-2: Strikes out swinging
Bottom of the 2nd over - 0 runs, 0 hits, 0 errors, 1 left on base; Chicago (NYP) 1 - Aberdeen 1
TOP OF THE 3RD
Chicago (NYP) White Sox batting - Pitching for Aberdeen Ironbirds : RHP Steve Webb
Batting: RHB Bastiaan Leenders 0-0: Ball
1-0: Swinging Strike
1-1: Ball
2-1: Ball
3-1: Base on Balls
Batting: SHB Tomas Caldera 0-0: Swinging Strike
0-1: Called Strike
0-2: Fly out, F7 (Flyball, 78S, EV 76.2 MPH)
Batting: SHB Andres Agudo 0-0: Ball
1-0: Swinging Strike
1-1: Foul Ball, location: 2F
1-2: Ball
2-2: Strikes out looking
Batting: SHB Veit Geisler 0-0: Called Strike
Bastiaan Leenders steals 2nd, throwing error, E2
Bastiaan Leenders to third
0-1: Foul Ball, location: 2F
0-2: Ground out 6-3 (Groundball, 6, EV 100.6 MPH)
Top of the 3rd over - 0 runs, 0 hits, 1 error, 1 left on base; Chicago (NYP) 1 - Aberdeen 1
BOTTOM OF THE 3RD
Aberdeen Ironbirds batting - Pitching for Chicago (NYP) White Sox : RHP Påske Olmqvist
Batting: LHB Pat Fontana 0-0: Called Strike
0-1: Swinging Strike
0-2: Foul Ball, location: 2F
0-2: Foul Ball, location: 2F
0-2: Ball
1-2: Ball
2-2: Foul Ball, location: 2F
2-2: Foul Ball, location: 2F
2-2: Foul Ball, location: 2F
2-2: Foul Ball, location: 2F
2-2: Ball
3-2: Ground out U3 (Groundball, 3, EV 82.5 MPH)
Batting: SHB Carlos Carrillo 0-0: Foul Ball, location: 2F
0-1: Foul Ball, location: 2F
0-2: Ball
1-2: Strikes out looking
Batting: RHB Jonathan Mendoza 0-0: Ball
1-0: Called Strike
1-1: SOLO HOME RUN (Flyball, 9LD, EV 90.6 MPH), Distance : 336 ft
Batting: LHB Sam Williams 0-0: Ball
1-0: Called Strike
1-1: SINGLE (Groundball, 34D, EV 94.4 MPH)
Batting: SHB Chris Wright 0-0: Swinging Strike
0-1: Foul Ball, location: 2F
0-2: Ball
1-2: Ball
2-2: Foul Ball, location: 2F
2-2: Foul Ball, location: 2F
2-2: Foul Ball, location: 2F
2-2: Strikes out swinging
Bottom of the 3rd over - 1 run, 2 hits, 0 errors, 1 left on base; Chicago (NYP) 1 - Aberdeen 2
TOP OF THE 4TH
Chicago (NYP) White Sox batting - Pitching for Aberdeen Ironbirds : RHP Steve Webb
Batting: RHB Tony Garcia 0-0: Foul Ball, location: 2F
0-1: Ball
1-1: Foul Ball, location: 2F
1-2: Ground out 6-3 (Groundball, 6, EV 102.5 MPH)
Batting: RHB Jake Feinstein 0-0: Foul Ball, location: 2F
0-1: Ball
1-1: Ball
2-1: Swinging Strike
2-2: Strikes out swinging
Batting: RHB Tyrell Camp 0-0: Foul Ball, location: 2F
0-1: Ball
1-1: Ball
2-1: Foul Ball, location: 2F
2-2: Ball
3-2: Foul Ball, location: 2F
3-2: Strikes out looking
Top of the 4th over - 0 runs, 0 hits, 0 errors, 0 left on base; Chicago (NYP) 1 - Aberdeen 2
BOTTOM OF THE 4TH
Aberdeen Ironbirds batting - Pitching for Chicago (NYP) White Sox : RHP Påske Olmqvist
Batting: RHB Wil Ochoa 0-0: Ground out 6-3 (Groundball, 6, EV 92.5 MPH)
Batting: RHB Fernando Bravo 0-0: Foul Ball, location: 2F
0-1: Ball
1-1: Foul Ball, location: 2F
1-2: Ball
2-2: Foul Ball, location: 2F
2-2: Ball
3-2: Foul Ball, location: 2F
3-2: SINGLE (Groundball, 56, EV 99.4 MPH)
Batting: RHB Matt Berrier 0-0: Ball
1-0: Ball
2-0: Fielders Choice at 2nd, 6-4 (Groundball, 6, EV 88.8 MPH)
Batting: RHB Alfredo Reguera 0-0: Called Strike
0-1: Called Strike
0-2: Strikes out looking
Bottom of the 4th over - 0 runs, 1 hit, 0 errors, 1 left on base; Chicago (NYP) 1 - Aberdeen 2
TOP OF THE 5TH
Chicago (NYP) White Sox batting - Pitching for Aberdeen Ironbirds : RHP Steve Webb
Batting: SHB Noah Long 0-0: Fly out, F7 (Flyball, 78M, EV 93.1 MPH)
Batting: SHB Malik Whitted 0-0: Ball
1-0: Ball
2-0: Foul Ball, location: 2F
2-1: Foul Ball, location: 2F
2-2: Strikes out swinging
Batting: RHB Bastiaan Leenders 0-0: Ball
1-0: Ball
2-0: Ball
3-0: Base on Balls
Batting: SHB Tomas Caldera 0-0: Ball
1-0: Called Strike
1-1: Ground out 6-3 (Groundball, 6M, EV 91.9 MPH)
Top of the 5th over - 0 runs, 0 hits, 0 errors, 1 left on base; Chicago (NYP) 1 - Aberdeen 2
BOTTOM OF THE 5TH
Aberdeen Ironbirds batting - Pitching for Chicago (NYP) White Sox : RHP Påske Olmqvist
Batting: LHB Pat Fontana 0-0: Called Strike
0-1: Ball
1-1: Ball
2-1: Foul Ball, location: 2F
2-2: Ball
3-2: TRIPLE (Flyball, 9LD, EV 103.8 MPH)
Batting: SHB Carlos Carrillo 0-0: SINGLE (Groundball, 4D, EV 105.0 MPH)
Pat Fontana scores
Batting: RHB Jonathan Mendoza 0-0: Ball
1-0: Foul Ball, location: 2F
1-1: Swinging Strike
1-2: Ball
2-2: Ball
3-2: Grounds into double play, 3-6-3 (Groundball, 34, EV 83.1 MPH)
Batting: LHB Sam Williams 0-0: Ball
1-0: SINGLE (Groundball, 34D, EV 98.8 MPH)
Batting: SHB Chris Wright 0-0: Fly out, F7 (Flyball, 7, EV 78.8 MPH)
Bottom of the 5th over - 1 run, 3 hits, 0 errors, 1 left on base; Chicago (NYP) 1 - Aberdeen 3
TOP OF THE 6TH
Chicago (NYP) White Sox batting - Pitching for Aberdeen Ironbirds : RHP Steve Webb
Batting: SHB Andres Agudo 0-0: Called Strike
0-1: Foul Ball, location: 2F
0-2: Ball
1-2: Strikes out swinging
Batting: SHB Veit Geisler 0-0: Swinging Strike
0-1: Foul Ball, location: 2F
0-2: Foul Ball, location: 2F
0-2: Ball
1-2: Strikes out looking
Batting: RHB Tony Garcia 0-0: Ground out 6-3 (Groundball, 6D, EV 105.6 MPH)
Top of the 6th over - 0 runs, 0 hits, 0 errors, 0 left on base; Chicago (NYP) 1 - Aberdeen 3
BOTTOM OF THE 6TH
Aberdeen Ironbirds batting - Pitching for Chicago (NYP) White Sox : RHP Påske Olmqvist
Batting: RHB Wil Ochoa 0-0: Foul Ball, location: 2F
0-1: Ball
1-1: Ball
2-1: Ball
3-1: Foul Ball, location: 2F
3-2: Foul Ball, location: 2F
3-2: Base on Balls
Pitching: LHP Ray Sowers
Batting: RHB Fernando Bravo 0-0: Ball
Wil Ochoa is caught stealing 2nd base 2-4
1-0: Swinging Strike
1-1: Called Strike
1-2: Foul Ball, location: 2F
1-2: Foul Ball, location: 2F
1-2: Foul Ball, location: 2F
1-2: Ball
2-2: TRIPLE (Line Drive, 89XD, EV 103.8 MPH)
Batting: RHB Matt Berrier 0-0: Ball
1-0: Called Strike
1-1: Foul Ball, location: 2F
1-2: Foul Ball, location: 2F
1-2: Strikes out looking
Batting: RHB Alfredo Reguera 0-0: Ball
1-0: Swinging Strike
1-1: Swinging Strike
1-2: Ball
2-2: Strikes out swinging
Bottom of the 6th over - 0 runs, 1 hit, 0 errors, 1 left on base; Chicago (NYP) 1 - Aberdeen 3
TOP OF THE 7TH
Chicago (NYP) White Sox batting - Pitching for Aberdeen Ironbirds : RHP Steve Webb
Pitching: RHP Rich Hensley
Batting: RHB Jake Feinstein 0-0: Foul Ball, location: 2F
0-1: Foul Ball, location: 2F
0-2: Ball
1-2: Strikes out swinging
Batting: RHB Tyrell Camp 0-0: DOUBLE (Flyball, 89D, EV 110.6 MPH)
Batting: SHB Noah Long 0-0: Swinging Strike
0-1: Swinging Strike
0-2: Strikes out swinging
Batting: SHB Malik Whitted 0-0: Foul Ball, location: 2F
0-1: Swinging Strike
0-2: Ball
1-2: Strikes out looking
Top of the 7th over - 0 runs, 1 hit, 0 errors, 1 left on base; Chicago (NYP) 1 - Aberdeen 3
BOTTOM OF THE 7TH
Aberdeen Ironbirds batting - Pitching for Chicago (NYP) White Sox : LHP Ray Sowers
Batting: LHB Pat Fontana 0-0: Fly out, F9 (Line Drive, 89M, EV 91.2 MPH)
Batting: SHB Carlos Carrillo 0-0: Ball
1-0: Ball
2-0: Ball
3-0: Called Strike
3-1: Ground out 5-3 (Groundball, 5D, EV 91.9 MPH)
Batting: RHB Jonathan Mendoza 0-0: Called Strike
0-1: Called Strike
0-2: Strikes out swinging
Bottom of the 7th over - 0 runs, 0 hits, 0 errors, 0 left on base; Chicago (NYP) 1 - Aberdeen 3
TOP OF THE 8TH
Chicago (NYP) White Sox batting - Pitching for Aberdeen Ironbirds : RHP Rich Hensley
Batting: RHB Bastiaan Leenders 0-0: Called Strike
0-1: Foul Ball, location: 2F
0-2: Foul Ball, location: 2F
0-2: Ground out 4-3 (Groundball, 34D, EV 105.6 MPH)
Batting: SHB Tomas Caldera 0-0: Swinging Strike
0-1: Called Strike
0-2: Ball
1-2: Ball
2-2: Strikes out swinging
Batting: SHB Andres Agudo 0-0: Foul Ball, location: 2F
0-1: Swinging Strike
0-2: Strikes out swinging
Top of the 8th over - 0 runs, 0 hits, 0 errors, 0 left on base; Chicago (NYP) 1 - Aberdeen 3
BOTTOM OF THE 8TH
Aberdeen Ironbirds batting - Pitching for Chicago (NYP) White Sox : LHP Ray Sowers
Batting: LHB Sam Williams 0-0: Ball
1-0: Foul Ball, location: 2F
1-1: Called Strike
1-2: Ball
2-2: Foul Ball, location: 2F
2-2: Ball
3-2: Base on Balls
Pitching: RHP Mario Arce
Batting: SHB Chris Wright 0-0: Ball
Sam Williams steals 2nd base
1-0: Called Strike
1-1: Foul Ball, location: 2F
1-2: Foul Ball, location: 2F
1-2: Reached on error, E3 (Groundball, 3L, EV 84.4 MPH)
Sam Williams to third
Batting: RHB Wil Ochoa 0-0: Called Strike
0-1: Ball
1-1: Grounds into double play, 5-4-3 (Groundball, 56, EV 104.4 MPH)
Sam Williams scores
Batting: RHB Fernando Bravo 0-0: Called Strike
0-1: Foul Ball, location: 2F
0-2: DOUBLE (Groundball, 5L, EV 109.4 MPH)
Batting: RHB Matt Berrier 0-0: Foul Ball, location: 2F
0-1: Ball
1-1: Fly out, F7 (Flyball, 7S, EV 90.0 MPH)
Bottom of the 8th over - 1 run, 1 hit, 1 error, 1 left on base; Chicago (NYP) 1 - Aberdeen 4
TOP OF THE 9TH
Chicago (NYP) White Sox batting - Pitching for Aberdeen Ironbirds : RHP Rich Hensley
Pitching: LHP Ronnie Pickering
Now at 1B: Carlos Teniente
Batting: SHB Veit Geisler 0-0: Ball
1-0: Foul Ball, location: 2F
1-1: Foul Ball, location: 2F
1-2: Ball
2-2: Foul Ball, location: 2F
2-2: Strikes out swinging
Batting: RHB Tony Garcia 0-0: Foul Ball, location: 2F
0-1: Ball
1-1: SINGLE (Groundball, 56D, EV 96.2 MPH)
Batting: RHB Jake Feinstein 0-0: Swinging Strike
0-1: SINGLE (Line Drive, 89S, EV 100.6 MPH)
Tony Garcia to second
Batting: RHB Tyrell Camp 0-0: Ball
1-0: Swinging Strike
1-1: Swinging Strike
1-2: Ball
2-2: Foul Ball, location: 2F
2-2: Strikes out swinging
Pitching: RHP Nick Hodge
Batting: SHB Noah Long 0-0: Hit by Pitch
Tony Garcia to third
Jake Feinstein to second
Batting: SHB Malik Whitted 0-0: Swinging Strike
0-1: Ball
1-1: Ball
2-1: SINGLE (Groundball, 56D, EV 111.2 MPH)
Tony Garcia scores
Jake Feinstein to third
Noah Long to second
Pinch Hitting: SHB Manny Berrones 0-0: Fly out, F7 (Flyball, 78M, EV 85.6 MPH)
Top of the 9th over - 1 run, 3 hits, 0 errors, 3 left on base; Chicago (NYP) 2 - Aberdeen 4
Tuesday, March 28th , 2023 - OOTP Baseball 23.10 Build 110